 Dungeon Crawl Stone Soup version 0.29.1-1-gd02db6906a (webtiles) character file.

Game seed: 17294272713852016465

42518 croobank the Spry (level 13, -13/94 HPs)
             Began as a Felid Summoner on Sept 17, 2022.
             Was an Initiate of Gozag.
             Shot with a bolt by a naga sharpshooter (26 damage)
             ... on level 2 of the Snake Pit.
             The game lasted 03:22:20 (36003 turns).

croobank the Spry (Felid Summoner)                 Turns: 36003, Time: 03:22:20

Health: -13/94     AC:  3    Str:  4    XL:     13   Next: 85%
Magic:  5/28       EV: 31    Int: 26    God:    Gozag
Gold:   4996       SH:  0    Dex: 18    Spells: 6/32 levels left
                                        Lives:  0   Deaths: 3

rFire   + . .      SeeInvis +   (weapon unavailable)
rCold   + + .      Faith    .   (shield unavailable)
rNeg    . . .      Spirit   .   (body armour unavailable)
rPois   .          Reflect  .   (helmet unavailable)
rElec   .          Harm     .   (cloak unavailable)
rCorr   .          Rampage  .   (gloves unavailable)
Will    +....                   (boots unavailable)
Stlth   ..........              d - amulet of regeneration
HPRegen 1.05/turn               a - ring "Qodup" {rF+ Int+6}
MPRegen 0.21/turn               k - ring of protection from cold

@: berserking, lethally poisoned (-13 -> -15), gold aura, very quick
A: very small, claws 1, fangs 3, see invisible, speed 1, shaggy fur 3, stealthy
paws, no weapons or thrown items, no armour, multi-lived
a: Renounce Religion, Potion Petition, Call Merchant, Bribe Branch


You were on level 2 of the Snake Pit.
You worshipped Gozag.
Gozag was most pleased with you.
You visited 5 branches of the dungeon, and saw 22 of its levels.
You also visited: Ossuary.

You collected 8016 gold pieces.
You spent 1108 gold pieces at shops.
You paid 1912 gold pieces to Gozag.

Inventory:

Jewellery
 a - the ring "Qodup" (left paw) {rF+ Int+6}
   (You acquired it on level 2 of the Dungeon)

   [ring of protection from fire]

   Int:       It affects your intelligence (+6).
   rF:        It protects you from fire.
 b - a +6 ring of intelligence
 d - an amulet of regeneration (around neck)
 g - a +4 ring of evasion
 k - a ring of protection from cold (right paw)
 m - a ring of resist corrosion
 t - a ring of poison resistance
 y - a ring of protection from cold
 D - a ring of protection from fire
 F - a +4 ring of evasion
 I - a +6 ring of intelligence
 N - a +4 ring of evasion
 P - a +4 ring of protection
 Q - a ring of flight
 R - a +4 ring of evasion
Wands
 i - a wand of mindburst (12)
 o - a wand of flame (21)
 r - a wand of acid (7)
 J - a wand of iceblast (3)
 L - a wand of paralysis (22)
 O - a wand of digging (6)
Scrolls
 e - 3 scrolls of poison
 p - 4 scrolls of amnesia
 u - 11 scrolls of teleportation
 w - 12 scrolls of identify
 x - 2 scrolls of vulnerability
 B - 3 scrolls of fog
 C - 3 scrolls of magic mapping
 E - 2 scrolls of fear
 G - a scroll of silence
 S - 2 scrolls of immolation
Potions
 c - 10 potions of curing
 f - 5 potions of ambrosia
 h - 3 potions of flight
 j - 3 potions of resistance
 l - 4 potions of attraction
 n - 3 potions of magic
 q - 5 potions of mutation
 s - a potion of invisibility
 v - 4 potions of haste
 z - a potion of berserk rage
 A - 3 potions of cancellation
 K - 3 potions of brilliance
 M - a potion of might
Miscellaneous
 H - a piece from Xom's chessboard (15/15)


   Skills:
 + Level 11.1 Fighting
 + Level 17.7 Dodging
 - Level 12.0 Stealth
 - Level 10.0 Spellcasting
 - Level 5.0 Hexes
 + Level 12.7 Summonings
 + Level 7.6 Transmutations
 + Level 9.6 Air Magic


You had 6 spell levels left.
You knew the following spells:

 Your Spells              Type           Power      Damage    Failure   Level
a - Summon Small Mammal   Summ           100%       N/A       1%          1
b - Call Imp              Summ           68%        N/A       1%          2
c - Call Canine Familiar  Summ           68%        N/A       1%          3
d - Summon Guardian Gole  Hex/Summ       56%        N/A       1%          3
e - Summon Lightning Spi  Summ/Air       63%        N/A       1%          4
f - Storm Form            Tmut/Air       27%        N/A       75%         7
g - Summon Cactus Giant   Summ           34%        N/A       3%          6

Your spell library contained the following spells:

 Spells                   Type           Power      Damage    Failure   Level
 Static Discharge         Conj/Air       38%        3-8/arc   1%          2
 Foxfire                  Conj/Fire      52%        2x1d6     4%          1
 Freeze                   Ice            52%        1d7       4%          1
 Dazzling Flash           Conj/Hex       52%        N/A       4%          3
 Ignite Poison            Fire/Tmut/Pois 26%        N/A       4%          3
 Inner Flame              Hex/Fire       26%        N/A       4%          3
 Blade Hands              Tmut           25%        N/A       5%          5
 Blink                    Tloc           26%        N/A       7%          2
 Conjure Flame            Conj/Fire      13%        6-21      14%         3
 Frozen Ramparts          Ice            26%        1d4       14%         3
 Gell's Gravitas          Tloc           13%        N/A       14%         3
 Lesser Beckoning         Tloc           13%        N/A       14%         3
 Teleport Other           Tloc           13%        N/A       14%         3
 Dispel Undead            Necr           13%        3d9       41%         4
 Flame Wave               Conj/Fire      13%        2d6       41%         4
 Hailstorm                Conj/Ice       13%        3d5       41%         4
 Iskenderun's Mystic Bla  Conj/Tloc      13%        2d5       41%         4
 Iskenderun's Battlesphe  Conj           13%        2d7       77%         5
 Manifold Assault         Tloc           13%        N/A       77%         5
 Death Channel            Necr           6%         N/A       100%        6
 Iron Shot                Conj/Erth      6%         9d2       100%        6
 Starburst                Conj/Fire      6%         6d4       100%        6
 Haunt                    Necr/Summ      23%        N/A       96%         7
 Spellforged Servitor     Conj/Summ      23%        N/A       96%         7
 Animate Armour           Summ/Erth      Unusable   N/A       N/A         4
 Corpse Rot               Necr/Pois/Air  Unusable   N/A       N/A         4

Dungeon Overview and Level Annotations

Branches:
Dungeon (12/15)            Temple (1/1) D:6            Lair (5/5) D:11
  Swamp (0/4) Lair:2        Snake (2/4) Lair:3        Slime (0/5) Lair:4
    Orc (2/2) D:10            Elf (0/3) Orc:2       Ossuary (visited)

Altars:
Dithmenos
Fedhas
Gozag
Makhleb
Nemelex Xobeh
Okawaru
Uskayaw
Vehumet
Xom
Yredelemnul
Zin
The Shining One

Shops:
D:1 [   D:4 *(=?   D:6 ?:   Orc:1 *   Orc:2 (:*(:=   Snake:1 ?   Snake:2 ?(*

Annotations:
D:12 Frances


Innate Abilities, Weirdness & Mutations

You have sharp claws.
You have razor-sharp teeth.
You have supernaturally acute eyesight. (SInv)
You cover ground quickly. (Speed+)
Your thick and shaggy fur keeps you warm. (AC +3, rC+)
Your paws help you pounce on unaware monsters.
You are incapable of wielding weapons or throwing items.
You cannot wear armour.
You gain extra lives every three experience levels.


Message History

The splash of poison hits you.
You are poisoned.
A naga sharpshooter comes into view. It is wielding a +0 flail.
You closely miss the naga sharpshooter.
The naga sharpshooter is lightly wounded.
You feel sick.
The naga sharpshooter shouts!
The naga closely misses you. The naga barely misses you.
The naga sharpshooter shoots an arrow.
The arrow misses you.
The arrow hits the naga!
You claw the naga sharpshooter!
The naga sharpshooter is lightly wounded.
You feel sick.
The naga sharpshooter shoots an arrow.
The arrow barely misses you.
The arrow hits the naga!
The naga misses you. The naga completely misses you.
You scratch the naga sharpshooter.
The naga sharpshooter is moderately wounded.
You feel sick.
You scratch the naga sharpshooter.
The naga sharpshooter is moderately wounded.
Your cactus giant closely misses the naga sharpshooter.
The naga sharpshooter unwields a +0 flail.
The naga sharpshooter wields a +0 arbalest.
The naga sharpshooter gestures wildly while chanting.
The naga sharpshooter magically shoots a bolt.
The bolt misses you.
The naga sharpshooter spits poison at you.
The splash of poison hits you!
You are more poisoned.
The naga completely misses you. x2
You scratch the naga sharpshooter but do no damage.
The naga sharpshooter is moderately wounded.
You feel sick. The naga completely misses you. x2
The naga sharpshooter shoots an arrow.
The arrow hits you!!
* * * LOW HITPOINT WARNING * * *
The naga sharpshooter casts a spell.
The naga sharpshooter magically shoots a bolt.
The bolt hits you!!
You die...
Your body crumbles into a pile of gold.

#.#.#.#.#..###.## ###..
## #.#...#.#.## .. .# ##.
.# #.##.##.### #.# .. .#
#..#.#..# ..##.## .#
#..###..# ...#...## .#
#...#...# ......# .#
####.###.#### .......
.###.#.......#8###.......
.......∩.∩.∩..CN@NSNS.N..
.###.#.......#9####.###..
.# ####.###.#### # .#
#...#...# .# #..###..#
..# #..# #..# ..# #.##
##.# .. #. .#


You could see 2 naga sharpshooters, a guardian serpent, a black mamba (ally
target), 2 nagas, a friendly cactus giant (summoned, sheltered), a friendly
guardian golem (summoned) and a friendly lightning spire (summoned, sheltered).

Vanquished Creatures
  An orc sorcerer (Orc:2)
  A cyclops (Orc:1)
  9 elephants
  5 molten gargoyles
  A cane toad (Lair:1)
  A blink frog (Lair:4)
  A slime creature (Lair:3)
  A wyvern (Lair:5)
  2 yaks
  A hog (Lair:5)
  4 orc warriors
  A wolf (Lair:4)
  A kobold brigand (D:10)
  3 bullfrogs
  2 killer bees (Lair:2)
  2 electric eels
  A howler monkey (D:11)
  2 orc priests
  5 jellies (Lair:3)
  4 orc wizards
  6 orcs
  13 endoplasms (Lair:3)
  A goblin (D:2)
  3 hobgoblins
  A quokka (D:5)
  A ball python (D:1)
  A bat (D:1)
  2 kobolds
76 creatures vanquished.

Vanquished Creatures (collateral kills)
  Snorg (Lair:3)
  A fire dragon (Lair:5)
  2 boulder beetles (D:12)
  2 hydras
  Erolcha (D:9)
  4 two-headed ogres
  3 naga warriors
  3 anacondas
  A death yak (Lair:3)
  Urug (Lair:1)
  2 naga sharpshooters (Snake:1)
  Nergalle (Lair:1)
  2 naga ritualists (Snake:1)
  2 orc knights (Orc:2)
  6 mana vipers
  An orc sorcerer (Orc:1)
  5 salamanders
  A manticore (Lair:2)
  6 elephants
  A guardian serpent (Snake:1)
  A molten gargoyle (Lair:5)
  6 naga magi
  13 black mambas
  5 cane toads (Lair:2)
  Maggie (Lair:1)
  An unseen horror (D:12)
  A rime drake (Lair:1)
  9 komodo dragons
  4 trolls
  2 polar bears (Lair:2)
  A meliai (Lair:2)
  A slime creature (D:12)
  12 blink frogs
  2 shadows
  2 wraiths
  28 yaks
  5 wyverns
  6 basilisks
  A hog (Lair:5)
  2 steam dragons
  A vampire mosquito (D:11)
  8 nagas
  3 wargs
  6 water moccasins
  3 hell hounds (Lair:5)
  2 nameless horrors
  7 ice beasts
  20 orc warriors
  5 ogres
  6 centaurs
  7 wolves
  2 phantoms
  3 kobold brigands
  A gnoll sergeant (D:9)
  16 bullfrogs
  A necrophage (D:5)
  9 scorpions
  21 killer bees
  An electric eel (D:6)
  7 howler monkeys
  6 lava snakes
  13 orc priests
  3 hounds (D:6)
  4 jellies
  A hell rat (Lair:5)
  3 iguanas
  17 orc wizards
  A mummy (Ossuary)
  7 adders
  18 gnolls
  3 white imps (D:10)
  An ufetubus (D:7)
  A worm (D:2)
  3 dart slugs
  64 orcs
  7 endoplasms
  6 giant cockroaches
  8 hobgoblins
  5 jackals (D:4)
  16 kobolds
  9 quokkas
  7 ball pythons
  4 bats
  4 frilled lizards
  7 goblins
  5 goblin zombies (Ossuary)
  3 hobgoblin zombies (Ossuary)
  4 kobold zombies (Ossuary)
  An orc zombie (Ossuary)
  3 rats
  2 butterflies (D:11)
514 creatures vanquished.

Vanquished Creatures (others)
  Kirke (Lair:5)
  A hydra (Lair:2)
  An anaconda (Snake:1)
  2 naga warriors
  A death yak (Lair:3)
  3 naga sharpshooters (Snake:1)
  The ghost of lambentLogic the Covert, a novice KoEn of Dithmenos (D:10)
  An orc knight (Orc:1)
  A lindwurm (Lair:5)
  An orc sorcerer (Orc:1)
  A naga mage (Snake:1)
  Joseph (D:7)
  8 black mambas
  A torpor snail (Lair:3)
  5 cane toads
  A rime drake (Lair:4)
  2 komodo dragons
  A queen bee (Lair:2)
  2 trolls
  A polar bear (Lair:2)
  2 meliai (Lair:2)
  Grinder (D:5)
  2 slime creatures (D:12)
  2 blink frogs (Lair:4)
  A centaur simulacrum (D:10)
  A shadow (D:11)
  17 yaks
  2 hogs (Lair:5)
  3 wyverns
  2 basilisks
  2 humans (Lair:5)
  3 vampire mosquitoes (D:11)
  4 nagas
  An acid dragon (D:11)
  2 water moccasins (Lair:3)
  Duvessa (D:7)
  13 orc warriors
  An ogre (D:6)
  10 centaurs
  5 wolves
  A kobold brigand (D:7)
  A gnoll sergeant (D:6)
  A bullfrog (Lair:2)
  Dowan (D:7)
  15 killer bees
  A jelly (Lair:3)
  A hound (D:6)
  An orc priest (D:9)
  A gnoll bouda (D:7)
  4 orc wizards
  3 hell rats (Lair:5)
  2 mummies (Ossuary)
  4 gnolls
  A white imp (D:10)
  12 orcs
  57 fungi
  76 plants
293 creatures vanquished.

Grand Total: 883 creatures vanquished

Notes
Turn   | Place    | Note
-------+----------+-------------------------------------------
     0 | D:1      | croobank the Felid Summoner began the quest for the Orb.
     0 | D:1      | Reached XP level 1. HP: 7/7 MP: 4/4
   348 | D:1      | Reached skill level 3 in Dodging
   585 | D:1      | Reached XP level 2. HP: 11/11 MP: 3/6
   588 | D:1      | Learned a level 2 spell: Call Imp
  1672 | D:1      | Found Xihoek's Antique Armour Shop.
  1706 | D:1      | Reached XP level 3. HP: 14/14 MP: 3/7
  2363 | D:2      | Learned a level 3 spell: Call Canine Familiar
  2972 | D:2      | Reached XP level 4. HP: 18/18 MP: 4/9
  3305 | D:2      | Identified a scroll of acquirement
  3305 | D:2      | Acquired the ring "Qodup" {rF+ Int+6}
  4131 | D:3      | Found a glowing silver altar of Zin.
  4131 | D:3      | Found a shimmering altar of Xom.
  4131 | D:3      | Noticed an angel
  4223 | D:3      | Found a faded altar of an unknown god.
  4703 | D:3      | Reached skill level 4 in Dodging
  4726 | D:3      | Reached XP level 5. HP: 21/21 MP: 3/10
  4730 | D:3      | Learned a level 3 spell: Summon Guardian Golem
  4989 | D:4      | Found Jompo's Antique Weapon Boutique.
  5251 | D:4      | Found Moczuch's General Store.
  5263 | D:4      | Bought a scroll of identify for 24 gold pieces
  5376 | D:4      | Found Mob Umef's Jewellery Shop.
  5406 | D:4      | Noticed a phantom
  5462 | D:4      | Killed a phantom
  5463 | D:4      | Reached skill level 5 in Stealth
  5463 | D:4      | Reached skill level 5 in Summonings
  5463 | D:4      | Gained mutation: You are covered in thick fur. (AC +2)
                  | [Felid growth]
  5463 | D:4      | Reached XP level 6. HP: 24/24 MP: 2/12
  5834 | D:4      | Reached skill level 5 in Dodging
  6094 | D:4      | Found Mycwaq's Magic Scroll Emporium.
  6109 | D:4      | Bought a scroll of teleportation for 36 gold pieces
  6246 | D:5      | Entered Level 5 of the Dungeon
  6446 | D:5      | Reached XP level 7. HP: 27/27 MP: 4/13
  6451 | D:5      | Learned a level 4 spell: Summon Lightning Spire
  6508 | D:5      | Noticed Grinder
  6521 | D:5      | HP: 1/27 [orc priest/divine providence (13)]
  6535 | D:5      | Killed Grinder
  6536 | D:5      | Reached skill level 6 in Dodging
  7038 | D:5      | Reached XP level 8. HP: 31/31 MP: 11/16
  7091 | D:5      | Noticed a nameless horror
  7231 | D:5      | Killed a nameless horror
  7386 | D:5      | Reached skill level 7 in Dodging
  7701 | D:6      | Found Adaenij's Vocational Training.
  7707 | D:6      | Found a staircase to the Ecumenical Temple.
  7720 | Temple   | Entered the Ecumenical Temple
  7894 | Temple   | Became a worshipper of Gozag Ym Sagoz the Greedy
  7947 | D:6      | Reached skill level 5 in Spellcasting
  8047 | D:6      | Found a sand-covered staircase.
  8052 | Ossuary  | Entered an ossuary
  8997 | D:6      | Reached skill level 8 in Dodging
  9252 | D:6      | Found Afawogg's Magic Scroll Shop.
  9279 | D:6      | Reached XP level 9. HP: 34/34 MP: 5/18
  9301 | D:6      | Bought a scroll of identify for 28 gold pieces
  9301 | D:6      | Bought a scroll of vulnerability for 56 gold pieces
  9301 | D:6      | Bought a scroll of identify for 28 gold pieces
  9301 | D:6      | Bought 3 scrolls of teleportation for 126 gold pieces
 10811 | D:7      | Reached skill level 9 in Dodging
 11136 | D:7      | Noticed Joseph
 11149 | D:7      | Killed Joseph
 11150 | D:7      | Reached skill level 10 in Stealth
 11485 | D:7      | Noticed Duvessa
 11486 | D:7      | Noticed Dowan
 11498 | D:7      | Killed Duvessa
 11498 | D:7      | Killed Dowan
 12111 | D:8      | Reached skill level 10 in Dodging
 12111 | D:8      | Reached XP level 10. HP: 37/37 MP: 2/21
 12990 | D:9      | Noticed a two-headed ogre
 13453 | D:9      | Noticed a two-headed ogre
 13463 | D:9      | Killed a two-headed ogre
 13605 | D:9      | Identified the +0 leather armour of Optimism {Int+3 Dex+2}
 13613 | D:9      | Identified the +6 mace of Dullness {drain, rC- rN+++ Int-2
                  | Dex+5}
 13819 | D:9      | Noticed Erolcha
 13864 | D:9      | Killed Erolcha
 13865 | D:9      | Reached skill level 11 in Dodging
 13981 | D:9      | Noticed a two-headed ogre
 13990 | D:9      | Killed a two-headed ogre
 14196 | D:9      | Killed a two-headed ogre
 14197 | D:9      | Reached skill level 1 in Fighting
 14197 | D:9      | Reached skill level 1 in Hexes
 14306 | D:10     | Entered Level 10 of the Dungeon
 14319 | D:10     | Reached skill level 1 in Air Magic
 14319 | D:10     | Reached XP level 11. HP: 25/42 MP: 18/24
 14368 | D:10     | Found a runed translucent gate.
 14368 | D:10     | Found a runed translucent gate.
 14379 | D:10     | Found a runed translucent gate.
 14584 | D:10     | Found a staircase to the Orcish Mines.
 15438 | D:10     | Noticed lambentLogic's ghost (novice KoEn)
 15755 | D:11     | Reached skill level 12 in Dodging
 16233 | D:11     | Reached skill level 10 in Summonings
 16265 | D:11     | Reached skill level 5 in Hexes
 16750 | D:11     | Noticed a two-headed ogre
 16765 | D:11     | Killed a two-headed ogre
 16883 | D:11     | Found a staircase to the Lair.
 17050 | D:11     | Found a runed translucent door.
 17066 | D:11     | Found a runed translucent door.
 17549 | Lair:1   | Entered Level 1 of the Lair of Beasts
 17554 | Lair:1   | Gained mutation: Your thick and shaggy fur keeps you warm.
                  | (AC +3, rC+) [Felid growth]
 17554 | Lair:1   | Reached XP level 12. HP: 50/50 MP: 21/26
 17559 | Lair:1   | Reached skill level 5 in Fighting
 17559 | Lair:1   | Reached skill level 13 in Dodging
 18170 | Lair:1   | Noticed Nergalle
 18182 | Lair:1   | Killed Nergalle
 18183 | Lair:1   | Reached skill level 5 in Air Magic
 18411 | Lair:1   | Noticed Maggie
 18418 | Lair:1   | Killed Maggie
 18422 | Lair:1   | Noticed Urug
 18434 | Lair:1   | Killed Urug
 19246 | Lair:2   | Killed by an exploding elephant... ignited by their inner
                  | flame
 19247 | Lair:2   | Reached XP level 11. HP: -1/48 MP: 18/25
 19247 | Lair:2   | Reached skill level 10 in Spellcasting
 19256 | Lair:2   | Reached skill level 14 in Dodging
 19443 | Lair:2   | Reached XP level 12. HP: 53/53 MP: 23/27
 19853 | Lair:2   | Noticed an eight-headed hydra
 19860 | Lair:2   | Killed an eight-headed hydra
 20036 | Lair:2   | Noticed a six-headed hydra
 20054 | Lair:2   | Killed a six-headed hydra
 20863 | Lair:2   | Reached skill level 15 in Dodging
 21670 | Lair:2   | Got the Papyrus of the Salvo and the Atmosphere
 21679 | Lair:2   | Learned a level 7 spell: Storm Form
 21781 | Lair:2   | Reached skill level 1 in Transmutations
 22066 | Lair:2   | Found a staircase to the Swamp.
 22239 | Lair:3   | Found a staircase to the Snake Pit.
 22253 | Lair:3   | Noticed a six-headed hydra
 22261 | Lair:3   | Killed a six-headed hydra
 22380 | Lair:3   | Reached XP level 13. HP: 60/60 MP: 18/28
 22968 | Lair:3   | Reached skill level 16 in Dodging
 23157 | Lair:3   | Noticed Snorg
 23173 | Lair:3   | Killed Snorg
 25442 | Lair:4   | Found a runed translucent door.
 25442 | Lair:4   | Found a staircase to the Slime Pits.
 25474 | Lair:5   | Entered Level 5 of the Lair of Beasts
 25532 | Lair:5   | Noticed Kirke
 25555 | Lair:5   | Killed Kirke
 25556 | Lair:5   | Reached skill level 5 in Transmutations
 25765 | Lair:5   | Reached skill level 10 in Fighting
 25991 | Lair:5   | Found a large runed translucent door.
 25992 | Lair:5   | Found a large runed translucent door.
 25993 | Lair:5   | Noticed a fire dragon
 26577 | Lair:5   | Found the +3 salamander hide armour {Flames rF++ rC--}
 27760 | Orc:1    | Entered Level 1 of the Orcish Mines
 27967 | Orc:1    | Reached XP level 14. HP: 66/66 MP: 25/29
 28304 | Orc:2    | Entered Level 2 of the Orcish Mines
 28408 | Orc:2    | Reached skill level 17 in Dodging
 28467 | Orc:2    | Found a staircase to the Elven Halls.
 28650 | Orc:1    | Found Ehoxus's CLEARANCE SALE!.
 29432 | Orc:2    | Slain by a sixfirhy
 29433 | Orc:2    | Reached XP level 13. HP: -5/62 MP: 17/28
 30930 | Orc:2    | Found Qeux's Weapon Shoppe.
 30930 | Orc:2    | Found Wyrham's Assorted Antiques.
 30932 | Orc:2    | Found Weman's Weapon Boutique.
 30934 | Orc:2    | Found Cehu's Jewellery Emporium.
 31038 | Orc:2    | Bought the Precepts of Reformation and Adjuration for 608
                  | gold pieces
 31045 | Orc:2    | Learned a level 6 spell: Summon Cactus Giant
 31135 | D:10     | Killed lambentLogic's ghost
 31681 | Lair:5   | Killed a fire dragon
 32131 | D:12     | Noticed Frances
 32187 | D:12     | Killed from afar by Frances
 32188 | D:12     | Reached XP level 12. HP: -17/59 MP: 18/27
 32204 | D:12     | Noticed a boulder beetle
 32220 | D:12     | Killed a boulder beetle
 32657 | Snake:1  | Entered Level 1 of the Snake Pit
 33015 | Snake:1  | Found Nemes's Magic Scroll Shop.
 33069 | Snake:1  | Noticed a naga warrior
 33085 | Snake:1  | Killed a naga warrior
 33275 | Snake:1  | Noticed a naga warrior
 33365 | Snake:1  | Noticed an anaconda
 33381 | Snake:1  | Killed an anaconda
 33503 | Snake:1  | Noticed an anaconda
 33508 | Snake:1  | Killed an anaconda
 33509 | Snake:1  | Reached XP level 13. HP: 62/62 MP: 17/28
 35966 | Snake:2  | Found Zianonwubo's Magic Scroll Shop.
 35968 | Snake:2  | Found Bagel's Antique Weapon Boutique.
 35970 | Snake:2  | Found Igeix's Assorted Antiques.
 35974 | Snake:2  | Bought a scroll of immolation for 60 gold pieces
 35974 | Snake:2  | Bought a scroll of silence for 142 gold pieces
 36003 | Snake:2  | Shot with a bolt by a naga sharpshooter

Illustrated notes

Levels and vault maps discovered:
D:1:      heliophobic_arrival_dark_side_of_the_moon, layout_loops_ring,
          serial_shops, nicolae_shop_overgrown_old_shop, serial_bayou_lake_a
D:2:      layout_loops_cross
D:3:      layout_loops_ring, grunt_temple_overflow_order_and_chaos_1,
          hellmonk_ecumenical_altar_heavens_door
D:4:      layout_loops_ring, serial_shops, shop, kennysheep_mini_moat,
          nicolae_take_the_stairs, nicolae_diamond_shop
D:5:      layout_cave_pools, uniq_grinder
D:6:      layout_loops_corners, temple_fountains, serial_shops, shop_coins,
          enter_ossuary_2, kennysheep_diamond, st_stairs_4,
          nicolae_shop_vocational
D:7:      layout_gridville, uniq_duvessa, uniq_joseph
D:8:      layout_gridville
D:9:      layout_roguey, kennysheep_generic_room_16, uniq_erolcha
D:10:     layout_cave_pods, erik_orc_4, gammafunk_ghost_icy, minivault_8
D:11:     lemuel_insect_pit, layout_basic, erik_lair_orcish_takeover,
          hangedman_decor_slide_cut
D:12:     layout_basic, kennysheep_cross_bottleneck, uniq_frances
Temple:   mainiacjoe_temple_big_plus
Lair:1:   layout_cave_pods, st_stairs_6, infiniplex_staircase_pool_2, uniq_urug,
          uniq_nergalle, uniq_maggie
Lair:2:   regret_index_combs_of_tragedy, layout_gridlike,
          palyth_hydra_swamp_entry
Lair:3:   lemuel_slime, layout_loops_ring, guppyfry_snake_entry_island,
          chequers_serial_rivers_micro_a, uniq_snorg
Lair:4:   layout_loops_ring, slime_entry_2, infiniplex_staircase_pool
Lair:5:   cheibrodos_lair_end_hotspot, layout_regular_city,
          dreamdust_mushroom_princess, serial_bayou_ford_a, uniq_kirke
Snake:1:  layout_chambers, serial_shops, nicolae_shop_hallway_stairs,
          serial_bayou_crossing, grunt_megastairs_2
Snake:2:  layout_onion, minmay_shop_star
Orc:1:    layout_caves, nicolae_shop_clearance
Orc:2:    st_orc_rangers, layout_caves

Skill      XL: |  1  2  3  4  5  6  7  8  9 10 11 12 13 14 |
---------------+-------------------------------------------+-----
Stealth        | 3 4 5 7 8 10 12 | 12.0
Dodging        | 3 4 5 6 8 10 11 14 15 16 17 | 17.7
Spellcasting   | 3 4 5 7 8 10 | 10.0
Summonings     | 5 6 7 8 9 10 11 12 | 12.7
Fighting       | 1 4 8 11 | 11.1
Hexes          | 1 5 |  5.0
Air Magic      | 1 6 7 9 |  9.6
Transmutations | 2 7 6 |  7.6

Action                   |  1- 3 |  4- 6 |  7- 9 | 10-12 | 13-15 || total
-------------------------+-------+-------+-------+-------+-------++-------
Melee: Unarmed           |    38 |       |    14 |    95 |   102 ||   249
       Bite              |     3 |       |     1 |    16 |    16 ||    36
       Punch             |       |       |       |     3 |     1 ||     4
 Cast: Summon Small Mamm |    59 |    17 |     9 |    20 |    19 ||   124
       Call Imp          |    17 |    10 |     8 |    15 |    13 ||    63
       Call Canine Famil |     7 |    24 |    26 |    55 |    52 ||   164
       Summon Guardian G |       |     8 |    31 |   115 |   127 ||   281
       Summon Lightning  |       |       |    31 |   116 |   127 ||   274
       Summon Cactus Gia |       |       |       |     5 |    23 ||    28
Invok: Call Merchant     |       |       |       |       |     2 ||     2
       Potion Petition   |       |       |       |       |     1 ||     1
Evoke: Wand              |       |       |    10 |    29 |    23 ||    62
       Piece from Xom's  |       |       |       |     1 |     1 ||     2
  Use: Potion            |     1 |       |     3 |       |     7 ||    11
       Scroll            |       |    12 |    15 |    10 |     7 ||    44
 Stab: Sleeping          |       |       |     1 |       |     1 ||     2
       Betrayed ally     |       |       |     1 |     2 |       ||     3
       Distracted        |       |       |       |     2 |     3 ||     5
Armor: Skin              |     9 |       |     3 |     3 |    10 ||    25
Dodge: Dodged            |    50 |    13 |    41 |   210 |   386 ||   700
